[Event "2nd Kalyan Dombivali 2019"]
[Site "Kalyan"]
[Date "2019.02.02"]
[Round "9"]
[White "Subramanian, R M"]
[Black "Ramnathan, Balasubramaniam"]
[Result "0-1"]
[ECO "C24"]
[WhiteElo "1780"]
[BlackElo "2191"]
[Annotator "NA"]
[PlyCount "75"]
[EventDate "2019.01.28"]
[EventType "swiss"]
[EventRounds "10"]
[EventCountry "IND"]
[SourceTitle "playchess.com"]
[Source "ChessBase"]
[SourceQuality "1"]
[TimeControl "5400+30"]

1. e4 e5 2. Bc4 Nf6 3. d3 Nc6 4. Nc3 Bb4 5. Nge2 d5 6. exd5 Nxd5 7. O-O Be6 8. Bb5 {[%emt 0:10:47] C28: Vienna Game: 2...Nf6 3 Bc4 Nc6} (8. Bb3 O-O 9. Kh1 Qd7 10. Ne4 Be7 11. Ng5 Bxg5 12. Bxg5 Nb6 13. Be3 Bxb3 14. axb3 Nd5 15. Nc3 Ndb4 {½-½ (37) Le,Q (2714)-Sethuraman,S (2665) chess.com INT 2019}) 8... Nde7 $146 ({Predecessor:} 8... Qd7 9. Nxd5 Bxd5 10. c4 Be6 11. d4 a6 12. Qa4 axb5 13. Qxa8+ Nd8 14. d5 Bf5 15. a3 Bd6 16. cxb5 {1-0 (46) Vogt,L (2479)-Greet,A (2439) Fuegen 2006}) 9. f4 Bd7 10. Ng3 exf4 11. Bxf4 O-O 12. Bg5 Nd4 (12... f6 $11 13. Bc4+ Kh8) 13. Nh5 (13. Bc4 $14 {keeps the upper hand.}) 13... f5 14. Bc4+ Be6 15. Re1 Bxc4 16. dxc4 Ndc6 17. Nd5 Bxe1 18. Qxe1 Rf7 19. Rd1 Qf8 20. Nxc7 Rd8 21. Nd5 h6 22. Bh4 g5 23. Bf2 Nxd5 24. cxd5 Qd6 25. c4 b6 26. Qc3 Qg6 27. Ng3 $1 f4 28. Nf1 Ne7 29. Re1 Nf5 30. b4 Re7 31. Rd1 Qf7 32. Qf3 {[%emt 0:07:11] [#]} ({White should try} 32. a4 $15) 32... Ne3 $19 33. Bxe3 fxe3 34. Qe2 Rf8 35. g3 Qf3 36. Qxf3 Rxf3 37. d6 e2 38. dxe7 0-1

[Event "2nd Kalyan Dombivali 2019"]
[Site "Kalyan"]
[Date "2019.02.02"]
[Round "9"]
[White "Javheri, Jaydev"]
[Black "Lund Rachit"]
[Result "1-0"]
[ECO "C55"]
[WhiteElo "1675"]
[BlackElo "1572"]
[Annotator "NA RC"]
[PlyCount "137"]
[EventDate "2019.01.28"]
[EventType "swiss"]
[EventRounds "10"]
[EventCountry "IND"]
[SourceTitle "playchess.com"]
[Source "ChessBase"]
[SourceQuality "1"]
[TimeControl "5400+30"]

1. e4 e5 2. Nf3 Nc6 3. Bc4 Nf6 4. d3 Be7 5. O-O d6 6. h3 O-O 7. c3 h6 8. Re1 Nh7 9. d4 Ng5 10. Nxg5 Bxg5 11. d5 Ne7 12. Bxg5 hxg5 13. Nd2 Ng6 14. Nf1 Nf4 15. Ng3 g6 16. Ne2 Kg7 17. Nxf4 gxf4 18. Be2 Qg5 19. Kf1 Rh8 20. Bf3 Bd7 21. Ke2 Bb5+ 22. Kd2 Qh4 23. Kc2 Qxf2+ 24. Qd2 Qg3 25. b3 Bd7 26. Rf1 a5 27. Qf2 Qxf2+ 28. Rxf2 f5 29. Re1 fxe4 30. Bxe4 Kf6 31. g3 Bxh3 32. gxf4 Bf5 33. fxe5+ dxe5 34. Kd2 Rh5 35. c4 Rah8 36. Ree2 a4 37. Kc3 axb3 38. axb3 Rh3+ 39. Kb4 Rg3 40. c5 Rhh3 41. Bc2 Rh4+ 42. Kb5 Rd4 43. Rd2 Rxd2 44. Rxd2 Bxc2 45. Rxc2 Rd3 46. Rf2+ Kg7 47. Ra2 Rxd5 48. Ra7 c6+ 49. Kb6 Rd7 50. b4 Rd4 51. Rxb7+ Kf6 52. Kxc6 e4 53. Rb8 Ke7 54. Rb7+ Ke6 55. Rb8 Ke7 56. Rb7+ Ke6 57. Rb8 Kf5 58. Rf8+ Kg4 59. b5 e3 60. Re8 Kf3 61. b6 Rb4 62. b7 e2 63. Kc7 g5 64. b8=Q Rxb8 65. Kxb8 g4 66. c6 g3 67. c7 g2 68. c8=Q g1=Q 69. Qf5+ 1-0

[Event "2nd Kalyan Dombivali 2019"]
[Site "Kalyan"]
[Date "2019.02.02"]
[Round "9"]
[White "Bhat Sanjay"]
[Black "Om Nagnath Lamkane"]
[Result "1-0"]
[ECO "A30"]
[WhiteElo "1597"]
[BlackElo "1400"]
[Annotator "NA RC"]
[PlyCount "73"]
[EventDate "2019.01.28"]
[EventType "swiss"]
[EventRounds "10"]
[EventCountry "IND"]
[SourceTitle "playchess.com"]
[Source "ChessBase"]
[SourceQuality "1"]
[TimeControl "5400+30"]

1. c4 c5 2. g3 Nc6 3. Bg2 e6 4. Nf3 Nf6 5. O-O Be7 6. b3 O-O 7. Bb2 b6 8. d4 d5 9. cxd5 Nxd5 10. e4 Nc7 11. dxc5 Bxc5 12. Qc1 Bb7 13. Rd1 Qe7 14. a3 e5 15. b4 Bd6 16. Nc3 Rac8 17. Qe3 Rfd8 18. Rd2 Ne6 19. Nd5 Qf8 20. Rad1 Bb8 21. Nh4 Ncd4 22. Nf3 Bxd5 23. exd5 Rxd5 24. Nxd4 exd4 25. Qb3 Rd6 26. f4 Rcd8 27. f5 Nc7 28. a4 a6 29. b5 axb5 30. axb5 Qe8 31. Bc6 Qe5 32. Qd3 Nd5 33. Bxd4 Qe7 34. Re2 Qa7 35. Ra1 Nf4 36. Rxa7 Nxd3 37. Ra6 1-0

[Event "2nd Kalyan Dombivali 2019"]
[Site "Kalyan"]
[Date "2019.02.02"]
[Round "9"]
[White "Vedant Nitin vekhande"]
[Black "Mayekar Ayush"]
[Result "1-0"]
[ECO "C68"]
[WhiteElo "1564"]
[BlackElo "1389"]
[Annotator "NA RC"]
[PlyCount "99"]
[EventDate "2019.01.28"]
[EventType "swiss"]
[EventRounds "10"]
[EventCountry "IND"]
[SourceTitle "playchess.com"]
[Source "ChessBase"]
[SourceQuality "1"]
[TimeControl "5400+30"]

1. e4 e5 2. Nf3 Nc6 3. Bb5 a6 4. Bxc6 dxc6 5. d4 exd4 6. Qxd4 Qxd4 7. Nxd4 c5 8. Ne2 Be6 9. Nbc3 O-O-O 10. Be3 Nf6 11. f3 b6 12. Rd1 Rxd1+ 13. Kxd1 g6 14. Nf4 Bh6 15. Ke2 Bxf4 16. Bxf4 Re8 17. Rd1 Nh5 18. Be3 f5 19. a3 fxe4 20. Nxe4 Bf5 21. Ng5 Nf4+ 22. Kf2 Nxg2 23. Bc1 Nh4 24. c3 h6 25. Nf7 Bc2 26. Rd2 Rf8 27. Ne5 Be4 28. Kg3 Nf5+ 29. Kh3 Bb7 30. Nxg6 Rf6 31. Ne5 Nd6 32. Kg3 Nf7 33. f4 Nxe5 34. fxe5 Re6 35. Re2 Kd7 36. Bf4 Ke7 37. Kf2 Kf7 38. Rd2 Bc6 39. Rd8 Kg6 40. Ke3 h5 41. Rh8 Bd5 42. Rh6+ Kg7 43. Rxh5 Re8 44. h4 Be6 45. Ke4 Bf7 46. Rg5+ Kf8 47. h5 Ke7 48. h6 Rg8 49. h7 Rxg5 50. Bxg5+ 1-0

[Event "2nd Kalyan Dombivali 2019"]
[Site "Kalyan"]
[Date "2019.02.02"]
[Round "9"]
[White "Kshatriya Nitin Vekhande"]
[Black "Choudki Khushi"]
[Result "1-0"]
[ECO "B00"]
[WhiteElo "1544"]
[BlackElo "1383"]
[Annotator "NA"]
[PlyCount "131"]
[EventDate "2019.01.28"]
[EventType "swiss"]
[EventRounds "10"]
[EventCountry "IND"]
[SourceTitle "playchess.com"]
[Source "ChessBase"]
[SourceQuality "1"]
[TimeControl "5400+30"]

1. e4 Nc6 2. d4 e5 3. d5 Nce7 4. c4 Ng6 5. Nc3 Bb4 6. Bd3 Bxc3+ 7. bxc3 Nf6 8. Ne2 O-O 9. O-O d6 10. h3 Nh5 11. f4 exf4 12. Nxf4 Nhxf4 13. Bxf4 Nxf4 14. Rxf4 Qg5 15. Qf3 f6 16. h4 Qe5 17. Bc2 Bd7 18. Rf1 Rae8 19. g4 Qe7 20. Kg2 g5 21. Rxf6 Rxf6 22. Qxf6 Qxf6 23. Rxf6 Bxg4 24. hxg5 Be2 25. c5 dxc5 26. Kf2 Bc4 27. a3 Re5 28. g6 hxg6 29. Rxg6+ Kf7 30. Rh6 Kg7 31. Rh4 b5 32. Kf3 a5 33. Kf4 Re7 34. Rg4+ Kf7 35. Kf5 b4 36. axb4 cxb4 37. cxb4 axb4 38. Rg3 Re8 39. Rh3 Rf8 40. Ke5 Ke7 41. Kd4 Rf2 42. Rh7+ Kd8 43. Kxc4 Rxc2+ 44. Kxb4 Re2 45. Rh4 Kd7 46. Kc5 Rc2+ 47. Kd4 Rg2 48. Rh7+ Kd8 49. Ke5 Rg6 50. Kf5 Rd6 51. e5 Rxd5 52. Kf6 Kc8 53. e6 Rd1 54. Rh8+ Kb7 55. e7 Rf1+ 56. Kg5 Rg1+ 57. Kf4 Rf1+ 58. Kg3 Re1 59. e8=Q Rxe8 60. Rxe8 c5 61. Kf3 Kb6 62. Ke3 Kb5 63. Kd3 c4+ 64. Kc3 Kc5 65. Rc8+ Kd5 66. Rxc4 1-0

[Event "2nd Kalyan Dombivali 2019"]
[Site "Kalyan"]
[Date "2019.02.02"]
[Round "9"]
[White "Borase Manoj"]
[Black "Kelaskar, Chinmay"]
[Result "0-1"]
[ECO "D85"]
[WhiteElo "1539"]
[BlackElo "1764"]
[Annotator "NA RC"]
[PlyCount "156"]
[EventDate "2019.01.28"]
[EventType "swiss"]
[EventRounds "10"]
[EventCountry "IND"]
[SourceTitle "playchess.com"]
[Source "ChessBase"]
[SourceQuality "1"]
[TimeControl "5400+30"]

1. d4 Nf6 2. c4 g6 3. Nc3 d5 4. cxd5 Nxd5 5. e4 Nxc3 6. bxc3 Bg7 7. Bg5 c5 8. Nf3 Nc6 9. Bb5 Qa5 10. Bxc6+ bxc6 11. O-O Bg4 12. h3 Bxf3 13. Qxf3 cxd4 14. e5 Qxc3 15. Qe4 Qc5 16. Rac1 Qd5 17. Qxd5 cxd5 18. Rc7 O-O 19. Rxe7 Rfe8 20. Rd1 Bxe5 21. Rd7 Rab8 22. Rxa7 Ra8 23. Rd7 Rxa2 24. Rxd5 f6 25. f4 Bb8 26. Bxf6 Bxf4 27. Bxd4 Ree2 28. Kf1 Rxg2 29. Bg1 Rg3 30. R5d3 Rag2 31. Rxg3 Rxg3 32. Bh2 Rxh3 33. Rd8+ Kf7 34. Bxf4 Rf3+ 35. Kg2 Rxf4 36. Rd7+ Kg8 37. Kg3 Rf7 38. Rd8+ Kg7 39. Kg4 h6 40. Ra8 h5+ 41. Kg3 Kh6 42. Ra6 Kg5 43. Ra5+ Rf5 44. Ra4 h4+ 45. Kh3 Rf3+ 46. Kg2 Rf4 47. Ra6 Kh5 48. Rb6 g5 49. Kh3 Rf3+ 50. Kg2 Kg4 51. Rb4+ Rf4 52. Rb3 h3+ 53. Kh2 Rf2+ 54. Kg1 Rf3 55. Rb1 Kg3 56. Rd1 g4 57. Ra1 Kh4 58. Ra4 Kg5 59. Ra5+ Rf5 60. Ra8 g3 61. Ra4 h2+ 62. Kg2 Rf2+ 63. Kxg3 h1=Q 64. Kxf2 Qd1 65. Re4 Qd3 66. Re3 Qd4 67. Kf3 Kf5 68. Ke2 Kf4 69. Rf3+ Ke4 70. Rg3 Qb2+ 71. Kf1 Qh2 72. Rg2 Qh3 73. Kg1 Qe3+ 74. Kh1 Qe1+ 75. Kh2 Kf3 76. Rc2 Qh4+ 77. Kg1 Qd4+ 78. Kh2 Qd6+ 0-1

[Event "2nd Kalyan Dombivali 2019"]
[Site "Kalyan"]
[Date "2019.02.02"]
[Round "9"]
[White "Awade Pradeep"]
[Black "Satkar, Chirag"]
[Result "0-1"]
[ECO "A05"]
[WhiteElo "1538"]
[BlackElo "2071"]
[Annotator "NA RC"]
[PlyCount "100"]
[EventDate "2019.01.28"]
[EventType "swiss"]
[EventRounds "10"]
[EventCountry "IND"]
[SourceTitle "playchess.com"]
[Source "ChessBase"]
[SourceQuality "1"]
[TimeControl "5400+30"]

1. Nf3 Nf6 2. g3 g6 3. Bg2 Bg7 4. O-O O-O 5. d3 c5 6. Nc3 {[%emt 0:01:38] A05: Réti Opening: 1 Nf3 Nf6} (6. c4 Nc6 7. Nc3 a6 8. d4 cxd4 9. Nxd4 Nxd4 10. Qxd4 d6 11. Qh4 Rb8 12. Bg5 Be6 13. Rfd1 Qb6 14. Na4 Qa5 15. b3 b5 {1-0 (89) Onischuk,V (2637)-Vovk,A (2634) Zhitomir 2017}) 6... Nc6 7. Nh4 d5 8. h3 $146 ({Predecessor:} 8. Bg5 d4 9. Bxf6 exf6 10. Na4 Qd6 11. c4 f5 12. Qd2 Bd7 13. b3 Rae8 {0-1 (43) Weindl,A (2380)-Schaufelberger,H (2300) Biel 1990}) 8... b6 9. Rb1 Bb7 10. Bg5 ({White should play} 10. e4 $15) 10... h6 (10... d4 $17 11. Nb5 a6) 11. Bxf6 Bxf6 12. Nxd5 Bxh4 13. gxh4 e6 14. Nc3 Qxh4 15. e3 Rad8 16. Qg4 Qe7 17. f4 Kh7 18. a3 f5 19. Qg3 {[%emt 0:02:08] [#]} g5 $1 20. Kh2 Rg8 21. Rg1 gxf4 (21... Rg7 $15) 22. Qxf4 Rg5 $1 23. Bxc6 Bxc6 24. Rxg5 hxg5 25. Qe5 Kg6 26. Rg1 Qf6 27. Qxf6+ Kxf6 28. Kg3 Rh8 29. Rf1 {[%emt 0:01:04] [#]} e5 $1 30. e4 f4+ 31. Kg2 Ke6 32. Ne2 {[%emt 0:08:08] [#]} (32. b3 $17) 32... c4 $19 33. Ng1 cxd3 34. cxd3 Rd8 35. Nf3 Rxd3 36. Nxg5+ Kf6 37. h4 Re3 38. Rc1 Bxe4+ 39. Nxe4+ Rxe4 40. Rc7 Re2+ 41. Kf3 Rxb2 42. Rxa7 Rb3+ 43. Kf2 Kf5 44. a4 Rb2+ 45. Kf1 e4 46. a5 bxa5 47. Rxa5+ Kg4 48. h5 Rh2 49. Re5 Rxh5 50. Rxe4 Kf3 0-1

[Event "2nd Kalyan Dombivali 2019"]
[Site "Kalyan"]
[Date "2019.02.02"]
[Round "9"]
[White "Pednekar Ayush"]
[Black "Shreyas Ghadi"]
[Result "1/2-1/2"]
[ECO "A46"]
[WhiteElo "1501"]
[BlackElo "1653"]
[Annotator "NA"]
[PlyCount "83"]
[EventDate "2019.01.28"]
[EventType "swiss"]
[EventRounds "10"]
[EventCountry "IND"]
[SourceTitle "playchess.com"]
[Source "ChessBase"]
[SourceQuality "1"]
[TimeControl "5400+30"]

1. d4 e6 2. Nf3 Nf6 3. Bg5 Be7 4. Nbd2 d5 5. e3 O-O 6. Bd3 b6 7. Ne5 h6 8. h4 Bb7 9. Bxf6 Bxf6 10. Qh5 Bxe5 11. dxe5 f5 12. g4 Qe8 13. Qxe8 Rxe8 14. gxf5 exf5 15. f4 Rf8 16. Nf1 Ba6 17. Ng3 Bxd3 18. cxd3 Na6 19. Rg1 Rad8 20. Nh5 Rf7 21. Kd2 Kh7 22. d4 c5 23. Rg2 Nc7 24. Rag1 Ne6 25. Rg6 Re8 26. Kd3 Kh8 27. b3 Kh7 28. R1g2 a6 29. Rg1 Rfe7 30. R1g3 Rf7 31. Rg1 Rfe7 32. R1g3 Rf7 33. Rg1 Rfe7 34. Rxe6 Rxe6 35. Nxg7 Rg8 36. Nxe6 Rxg1 37. dxc5 bxc5 38. Nxc5 Ra1 39. Kd4 Rh1 40. Kxd5 Kg7 41. e6 {Kf7 Ke5+ Ke7 Kxf5} Rxh4 42. Nxa6 1/2-1/2

[Event "2nd Kalyan Dombivali 2019"]
[Site "Kalyan"]
[Date "2019.02.02"]
[Round "9"]
[White "Thube, Nimish"]
[Black "Chhabra Aakash"]
[Result "0-1"]
[ECO "C01"]
[WhiteElo "1462"]
[BlackElo "1619"]
[Annotator "NA RC"]
[PlyCount "80"]
[EventDate "2019.01.28"]
[EventType "swiss"]
[EventRounds "10"]
[EventCountry "IND"]
[SourceTitle "playchess.com"]
[Source "ChessBase"]
[SourceQuality "1"]
[TimeControl "5400+30"]

1. e4 e6 2. d4 d5 3. exd5 exd5 4. Bd3 Bd6 5. c3 Nf6 6. Bg5 O-O 7. Ne2 Bg4 8. O-O Nbd7 9. Qc2 Bxe2 10. Bxe2 c6 11. Nd2 Qc7 12. h3 Rfe8 13. Rfe1 h6 14. Be3 Ne4 15. Nxe4 dxe4 16. Qd2 Rad8 17. Bc4 b5 18. Bb3 Nb6 19. Rac1 Nd5 20. c4 Bb4 21. Qc2 bxc4 22. Bxc4 Bxe1 23. Rxe1 Qd6 24. a3 Kh8 25. Bd2 f5 26. Ba5 Rd7 27. Bd2 Rde7 28. Qc1 Re6 29. Qd1 e3 30. Ba5 exf2+ 31. Kxf2 Qf4+ 32. Kg1 Rxe1+ 33. Bxe1 Rxe1+ 34. Qxe1 Qxd4+ 35. Kh1 Qxc4 36. Qe8+ Kh7 37. Qe6 Qc1+ 38. Kh2 Qf4+ 39. Kh1 Qe4 40. Qxc6 Ne3 0-1

[Event "2nd Kalyan Dombivali 2019"]
[Site "Kalyan"]
[Date "2019.02.02"]
[Round "9"]
[White "Iyer Arvind"]
[Black "Midilesh MS"]
[Result "1/2-1/2"]
[ECO "B22"]
[WhiteElo "1441"]
[BlackElo "1558"]
[Annotator "NA"]
[PlyCount "104"]
[EventDate "2019.01.28"]
[EventType "swiss"]
[EventRounds "10"]
[EventCountry "IND"]
[SourceTitle "playchess.com"]
[Source "ChessBase"]
[SourceQuality "1"]
[TimeControl "5400+30"]

1. e4 c5 2. c3 e6 3. d4 cxd4 4. cxd4 d5 5. e5 Nc6 6. Nf3 Bd7 7. Bd3 Qb6 8. Bc2 Rc8 9. Nc3 a6 10. O-O h6 11. a3 Nge7 12. Na4 Qc7 13. Be3 Na5 14. Nc5 Bb5 15. Bd3 Bxd3 16. Qxd3 Nac6 17. Rac1 Nf5 18. Qb3 Bxc5 19. Rxc5 O-O 20. Rfc1 Qd7 21. h3 Rc7 22. Qd3 Rfc8 23. g4 Nxe3 24. fxe3 Na5 25. b4 Nc4 26. Nd2 Nxd2 27. Qxd2 b6 28. R5c3 Rc4 29. Rxc4 Rxc4 30. Rxc4 dxc4 31. Qc1 Qd5 32. Kf2 b5 33. Qd1 Qe4 34. Qf3 Qc2+ 35. Kg3 Qc1 36. Qa8+ Kh7 37. Qe4+ g6 38. Kf2 Qd2+ 39. Kf1 Qd1+ 40. Kf2 Qd2+ 41. Kf1 Qd1+ 42. Kf2 Qd2+ 43. Kf1 c3 44. Qf3 Kg8 45. Qa8+ Kg7 46. Qf3 Kg8 47. Qf6 c2 48. Qd8+ Kh7 49. Qa8 Kg7 50. Qf3 Kh7 51. Qf6 Kg8 52. Qd8+ Kh7 1/2-1/2

[Event "2nd Kalyan Dombivali 2019"]
[Site "Kalyan"]
[Date "2019.02.02"]
[Round "9"]
[White "Soni Deepak R"]
[Black "Govind Prabhu Mah"]
[Result "1-0"]
[ECO "A45"]
[WhiteElo "1425"]
[BlackElo "1601"]
[Annotator "NA RC"]
[PlyCount "94"]
[EventDate "2019.01.28"]
[EventType "swiss"]
[EventRounds "10"]
[EventCountry "IND"]
[SourceTitle "playchess.com"]
[Source "ChessBase"]
[SourceQuality "1"]
[TimeControl "5400+30"]

1. d4 Nf6 2. Bf4 b6 3. Nf3 Bb7 4. e3 e6 5. Nbd2 Be7 6. Bd3 d6 7. h3 Nbd7 8. O-O h6 9. Bh2 g5 10. e4 g4 11. Ne1 gxh3 12. gxh3 Nf8 13. Qe2 Qd7 14. f4 O-O-O 15. Ba6 Rg8+ 16. Kh1 e5 17. f5 exd4 18. a4 Kb8 19. Bxb7 Kxb7 20. a5 b5 21. a6+ Ka8 22. Qf3 Qc6 23. Nd3 d5 24. e5 Ne4 25. Nb3 Qxc2 26. f6 Bxf6 27. exf6 Qxb3 28. Ra3 Qc2 29. Rc1 Qd2 30. Bf4 Ng3+ 31. Bxg3 Ne6 32. Bxc7 Rd7 33. Ba5 Qe3 34. Qxe3 dxe3 35. Ne5 Rd6 36. Nxf7 Rxa6 37. Rxe3 d4 38. Re5 Rf8 39. Nxh6 Rxf6 40. Ng4 Rf8 41. Rxb5 Rb8 42. Rxb8+ Kxb8 43. Be1 Ra2 44. Rb1 Kb7 45. h4 Kc6 46. h5 Ra5 47. Bxa5 Kd5 1-0

[Event "2nd Kalyan Dombivali 2019"]
[Site "Kalyan"]
[Date "2019.02.02"]
[Round "9"]
[White "Bagwe Suneet"]
[Black "Nehete Akshay S"]
[Result "0-1"]
[ECO "B07"]
[WhiteElo "1305"]
[BlackElo "1788"]
[Annotator "NA"]
[PlyCount "44"]
[EventDate "2019.01.28"]
[EventType "swiss"]
[EventRounds "10"]
[EventCountry "IND"]
[SourceTitle "playchess.com"]
[Source "ChessBase"]
[SourceQuality "1"]
[TimeControl "5400+30"]

1. e4 d6 2. d4 Nf6 3. Nc3 g6 4. Be3 Bg7 5. f3 O-O 6. Qd2 Re8 7. O-O-O c6 8. h4 b5 9. Bd3 Qa5 10. Kb1 b4 11. Nce2 Ba6 12. Bxa6 Nxa6 13. h5 c5 14. hxg6 hxg6 15. Bh6 Bh8 16. g4 c4 17. Ng3 c3 18. Qh2 Rac8 19. Bf4 Bg7 20. e5 b3 21. cxb3 c2+ 22. Kc1 Nb4 0-1

[Event "2nd Kalyan Dombivali 2019"]
[Site "Kalyan"]
[Date "2019.02.03"]
[Round "10"]
[White "Joshi, Nikhil C."]
[Black "Pawaar Sohum"]
[Result "1/2-1/2"]
[ECO "A46"]
[WhiteElo "2088"]
[BlackElo "1359"]
[Annotator "NA RC"]
[PlyCount "113"]
[EventDate "2019.01.28"]
[EventType "swiss"]
[EventRounds "10"]
[EventCountry "IND"]
[SourceTitle "playchess.com"]
[Source "ChessBase"]
[SourceQuality "1"]
[TimeControl "5400+30"]

1. d4 Nf6 2. Nf3 c5 3. c3 e6 4. e3 Nc6 5. Nbd2 d5 6. Bd3 cxd4 7. exd4 Bd6 8. O-O O-O 9. Qe2 Qc7 10. Re1 Nd7 11. Nf1 Re8 12. Bc2 f5 (12... a5 $11) 13. Bxf5 $1 {[%emt 0:08:34] Pin} Nf6 14. Bc2 Bd7 15. Be3 Rac8 16. Rac1 Qb6 (16... e5 $16) 17. Rb1 Na5 18. Ne5 Nc4 19. Nxc4 Rxc4 20. Nd2 Rc7 21. Nf3 Rf8 22. Ne5 Bc8 23. Qd3 Qa6 24. Qxa6 bxa6 25. Nf3 Ng4 26. h3 Nxe3 27. Rxe3 h6 28. Bb3 Rf6 29. Ne5 Rf4 (29... Bxe5 $16 30. Rxe5 Bd7) 30. Rbe1 a5 31. Nd3 Rf6 32. Bd1 g5 33. Ba4 Rcf7 34. R3e2 Rc7 35. Nc1 Kf7 36. Bb5 Bd7 37. Bxd7 Rxd7 38. Nd3 Rb7 39. Ne5+ ({White should play} 39. b3 $18) 39... Bxe5 $1 40. dxe5 Rf4 41. Rd1 Rc4 42. Rd4 Rbc7 43. Rxc4 Rxc4 44. f3 a4 {[%emt 0:01:26] [#]} 45. a3 $1 Kg6 {[%emt 0:01:46] [#]} 46. g4 $1 a5 47. Rd2 Rf4 48. Kf2 h5 $2 (48... Rf8 $16 49. Ke3 Rb8) 49. Ke3 Rf7 $1 {[%emt 0:02:33] [#]} 50. Rf2 Rf4 51. Rd2 (51. Rf1 $16) 51... Rf7 {[%emt 0:00:18] [#]} 52. Rd4 $1 $18 {[%emt 0:01:44] is the precise move to win.} Rb7 53. Rxa4 Rxb2 54. gxh5+ Kf5 (54... Kxh5 $16 55. Rxa5 Kg6) 55. Rxa5 $2 (55. h6 $18 Rb7 56. h4 (56. Rxa5 Rh7 $14)) 55... Rh2 56. Ra8 Rxh3 57. Rg8 $11 1/2-1/2

[Event "2nd Kalyan Dombivali 2019"]
[Site "Kalyan"]
[Date "2019.02.03"]
[Round "10"]
[White "Satkar, Chirag"]
[Black "Ankur Mahesh Gokhale"]
[Result "1/2-1/2"]
[ECO "A52"]
[WhiteElo "2071"]
[BlackElo "1628"]
[Annotator "NA RC"]
[PlyCount "64"]
[EventDate "2019.01.28"]
[EventType "swiss"]
[EventRounds "10"]
[EventCountry "IND"]
[SourceTitle "playchess.com"]
[Source "ChessBase"]
[SourceQuality "1"]
[TimeControl "5400+30"]

1. d4 Nf6 2. c4 e5 3. dxe5 Ng4 4. Nf3 Bc5 5. e3 Nc6 6. Nc3 O-O 7. Be2 Re8 8. O-O Ngxe5 9. Nxe5 Nxe5 10. b3 a5 11. Na4 d6 12. Nxc5 dxc5 13. Bb2 Qe7 14. Qd5 Bd7 15. Rad1 Bc6 16. Qxe5 Qxe5 17. Bxe5 Rxe5 18. a4 Rg5 19. g3 Re5 20. Rd2 Rae8 21. Rfd1 Kf8 22. Bf1 Bf3 23. Rc1 R5e6 24. Bg2 Bxg2 25. Kxg2 Rd6 26. Rxd6 cxd6 27. Rd1 Re6 28. Rd3 Ke7 29. f4 f5 30. Kf3 Rh6 31. Rd2 Re6 32. Re2 d5 $11 {[%emt 0:04:43] Ke4} 1/2-1/2

[Event "2nd Kalyan Dombivali 2019"]
[Site "Kalyan"]
[Date "2019.02.03"]
[Round "10"]
[White "Kadam Om Manish"]
[Black "Javheri, Jaydev"]
[Result "1-0"]
[ECO "B56"]
[WhiteElo "1944"]
[BlackElo "1675"]
[Annotator "NA RC"]
[PlyCount "99"]
[EventDate "2019.01.28"]
[EventType "swiss"]
[EventRounds "10"]
[EventCountry "IND"]
[SourceTitle "playchess.com"]
[Source "ChessBase"]
[SourceQuality "1"]
[TimeControl "5400+30"]

1. e4 c5 2. Nf3 d6 3. d4 cxd4 4. Nxd4 Nf6 5. Nc3 Nc6 6. g3 h5 7. h3 g6 8. Be3 Bg7 9. Bg2 Bd7 10. Nde2 Qa5 11. f4 Rc8 12. O-O h4 13. g4 Nxg4 14. hxg4 Bxg4 15. Bf3 Qh5 16. Nc1 ({White should play} 16. Nd4 $16 f5 17. exf5 Bxf3 18. Nxf3 (18. Rxf3 Nxd4 19. Bxd4 Bxd4+ 20. Qxd4 Qxf3 $16)) 16... Bxf3 17. Qxf3 Qxf3 18. Rxf3 Bxc3 19. bxc3 f5 ({Better is} 19... f6 $14) 20. exf5 gxf5 21. Nb3 Kf7 22. Nd4 Nxd4 23. Bxd4 Rhg8+ 24. Kh2 Rg4 25. Bxa7 (25. a4 $18) 25... Rcg8 $2 (25... Rg3 $16 26. Rxg3 hxg3+ 27. Kxg3 Rxc3+ 28. Kh4 Rxc2) 26. Rf2 h3 27. Bd4 Rg2+ 28. Rxg2 Rxg2+ 29. Kxh3 Rxc2 30. a4 Rb2 31. Kg3 Ke8 32. Kh4 Rg2 33. Rg1 Ra2 34. Kg5 Rxa4 35. Kxf5 Kd7 36. Rg7 Ra5+ 37. Kg6 Ra2 38. Bf6 Rg2+ 39. Kf5 (39. Bg5 $142 d5 40. Rxe7+ Kd6 41. Rxb7) 39... Re2 {[%emt 0:01:57] [#]} 40. Bxe7 $1 Rxe7 41. Kf6 Rxg7 42. Kxg7 Ke6 43. Kg6 Ke7 44. f5 Kf8 45. Kf6 d5 46. Ke6 b5 47. Kxd5 Kf7 48. Kc5 Kf6 49. Kxb5 Kxf5 50. Kc6 1-0

[Event "2nd Kalyan Dombivali 2019"]
[Site "Kalyan"]
[Date "2019.02.03"]
[Round "10"]
[White "Vijay, Anand M."]
[Black "Ahmed, Feroz"]
[Result "1-0"]
[ECO "B06"]
[WhiteElo "1841"]
[BlackElo "1919"]
[Annotator "NA RC"]
[PlyCount "55"]
[EventDate "2019.01.28"]
[EventType "swiss"]
[EventRounds "10"]
[EventCountry "IND"]
[SourceTitle "playchess.com"]
[Source "ChessBase"]
[SourceQuality "1"]
[TimeControl "5400+30"]

1. e4 g6 2. d4 Bg7 3. Nc3 d6 4. Be3 Nd7 5. h4 Ngf6 6. Qd2 Ng4 7. Bg5 ({White should play} 7. h5 $14) 7... h6 8. Bf4 e5 9. dxe5 dxe5 10. Bg3 c6 11. f3 Ngf6 12. O-O-O Nh5 13. Bf2 Nf4 14. g3 Ne6 15. Bh3 O-O (15... Qe7 $14) 16. Be3 (16. Bxe6 $1 $18 fxe6 17. Be3) 16... Kh7 (16... Nb6 $1 $14) 17. Bxe6 fxe6 {[%emt 0:00:12] [#]} 18. Qd6 ({White should try} 18. f4 $1 $18) 18... Re8 19. Nh3 Qa5 (19... Qf6 $16 {was necessary.}) 20. h5 Nb6 $2 (20... g5 21. Nf2 Bf8) 21. hxg6+ $2 (21. Qc7 Kh8 22. hxg6) 21... Kxg6 22. Qd3 Qb4 23. a3 Qc4 24. Qd2 Qa6 25. Qh2 Nc4 {[%emt 0:03:15] [#]} 26. Bxh6 Bxh6+ 27. Nf4+ Bxf4+ 28. gxf4 1-0

[Event "2nd Kalyan Dombivali 2019"]
[Site "Kalyan"]
[Date "2019.02.03"]
[Round "10"]
[White "Nehete Akshay S"]
[Black "Vedant Nitin vekhande"]
[Result "1-0"]
[ECO "A52"]
[WhiteElo "1788"]
[BlackElo "1564"]
[Annotator "NA RC"]
[PlyCount "137"]
[EventDate "2019.01.28"]
[EventType "swiss"]
[EventRounds "10"]
[EventCountry "IND"]
[SourceTitle "playchess.com"]
[Source "ChessBase"]
[SourceQuality "1"]
[TimeControl "5400+30"]

1. d4 Nf6 2. c4 e5 3. dxe5 Ng4 4. Nf3 Nc6 5. Bf4 Bb4+ 6. Nc3 Qe7 7. Qb3 Bc5 8. e3 Ngxe5 9. Nxe5 Nxe5 10. Nd5 Qd6 11. Qc3 f6 12. O-O-O O-O 13. b4 c6 14. bxc5 Qxc5 15. Qb4 Qxb4 16. Nxb4 a5 17. Nc2 d5 18. cxd5 cxd5 19. Bxe5 fxe5 20. f3 Be6 21. Kb2 e4 22. f4 Rac8 23. Nd4 Bf7 24. Be2 Rc7 25. Rc1 Rfc8 26. Rxc7 Rxc7 27. Rc1 Rxc1 28. Kxc1 Kf8 29. Nf5 Be6 30. Nd4 Bd7 31. Bb5 Bc8 32. Nb3 b6 33. Bc6 Be6 34. Nd4 Bf7 35. g4 g6 36. Kb2 Ke7 37. Kc3 Kd6 38. Ba4 Kc5 39. Nb3+ Kd6 40. Kd4 Be6 41. h3 Bc8 42. Bb5 Be6 43. Nc1 Bc8 44. Ne2 Be6 45. Nc3 h5 46. gxh5 gxh5 47. h4 Bf7 48. Ba4 Be6 49. Bb3 Bf7 50. Bxd5 Bxd5 51. Nxd5 b5 52. Nf6 a4 53. Nxe4+ Ke6 54. Ng3 b4 55. f5+ Kf6 56. e4 b3 57. axb3 axb3 58. Kc3 Ke5 59. Kxb3 Kf4 60. Nxh5+ Kxe4 61. f6 Kf5 62. f7 Kg6 63. f8=Q Kxh5 64. Qg7 Kxh4 65. Kc4 Kh3 66. Kd3 Kh4 67. Ke4 Kh3 68. Kf3 Kh2 69. Qg2# 1-0